 Dungeon Crawl Stone Soup version 0.27-a0-421-g7ddf969dea (webtiles) character file.

Game seed: 7125700632753025352

17 Anon1729 the Gusty (level 2, -1/20 HPs)
             Began as a Demigod Air Elementalist on Feb 26, 2021.
             Slain by a goblin (5 damage)
             ... led by Robin
             ... on level 2 of the Dungeon.
             The game lasted 00:01:12 (1067 turns).

Anon1729 the Gusty (Demigod Air Elementalist)       Turns: 1067, Time: 00:01:13

Health: -1/20      AC:  2    Str:  8 (9)  XL:     2   Next: 30%
Magic:  0/7        EV: 16    Int: 14 (17) God:
Gold:   0          SH:  0    Dex: 13 (14) Spells: 4/5 levels left

rFire    . . .     SeeInvis .   (no weapon)
rCold    . . .     Faith    .   (no shield)
rNeg     . . .     Spirit   .   a - +0 robe
rPois    .         Reflect  .   (no helmet)
rElec    .         Harm     .   (no cloak)
rCorr    .         Rampage  .   (no gloves)
Will     .....                  (no boots)
Stlth    ++........             (no amulet)
HPRegen  0.06/turn              c - +4 ring of evasion
MPRegen  0.10/turn              (no ring)

@: no status effects
A: high mp 1
a: no special abilities


You were on level 2 of the Dungeon.
You visited 1 branch of the dungeon, and saw 2 of its levels.

Inventory:

Armour
 a - a +0 robe (worn)
Jewellery
 c - a +4 ring of evasion (left hand)
Scrolls
 b - a scroll of teleportation {unknown}
 d - 2 scrolls of identify {unknown}


   Skills:
 + Level 1.8 Dodging
 - Level 2.0 Stealth
 + Level 2.0 Spellcasting
 + Level 1.0 Conjurations
 * Level 3.1 Air Magic


You had 4 spell levels left.
You knew the following spells:

 Your Spells              Type           Power        Failure   Level
a - Shock                 Conj/Air       28%          10%         1

Your spell library contained the following spells:

 Spells                   Type           Power        Failure   Level
 Swiftness                Air            10%          10%         2
 Static Discharge         Conj/Air       7%           30%         3
 Airstrike                Air            5%           54%         4
 Lightning Bolt           Conj/Air       3%           95%         5


Dungeon Overview and Level Annotations

Branches:
Dungeon (2/15)

Annotations:
D:2 Robin


Innate Abilities, Weirdness & Mutations

You have an increased reservoir of magic. (+10% MP)


Message History

Robin drinks a potion.
Robin seems to grow stronger.
The goblin moves out of view.
The goblin wields a +0 hunting sling.
The goblin shoots a sling bullet.
The sling bullet completely misses you.
The zap hits Robin.
Robin is severely wounded.
The zap hits Robin.
Robin is severely wounded.
A goblin comes into view.
Casting: Shock (safe; 9% risk of failure)
Confirm with . or Enter, or press ? or * to list all spells.
Aiming: Shock (safe; 9% risk of failure)
Press: ? - help, Shift-Dir - straight line, p - Robin The zap misses Robin.
The zap hits Robin.
Robin is almost dead.
Robin roars a battlecry!
The goblins go into a battle-frenzy!
You hear a shout!
You closely miss Robin.
Robin is almost dead.
The goblin shoots a sling bullet.
The sling bullet hits you!
Ouch! That really hurt!
Robin misses you.
A goblin comes into view. It is wielding a +0 dagger.
The goblin shoots a sling bullet.
The sling bullet barely misses you. Robin throws the goblin at you!
You miss the goblin.
The goblin unwields a +0 hunting sling.
The goblin hits you.
* * * LOW HITPOINT WARNING * * *
The goblin throws a stone.
The stone hits you but does no damage.
It was a potion of degeneration.
There was something very wrong with that liquid.
You feel weakened.
You feel dopey.
You feel clumsy. The goblin hits you.
* * * LOW HITPOINT WARNING * * *
You barely miss the goblin.
Robin roars a battlecry!
The goblin goes into a battle-frenzy!
The goblin hits you.
You die...

.######## #
...)....####.#
g.......... .†.....
#†#g#####.#.# ..# #..
#.ggg@g.....#
#.#.#..##.#g#####.#.#
...#..##.#.##
...#.#..........#
...#.#....##.#..#
.....#....##.#..####
....................
................#.##
...........#.#..#.#


You could see Robin (strong) and 5 goblins.

Vanquished Creatures
  A leopard gecko (D:1)
  A giant cockroach (D:2)
  4 goblins
  2 hobgoblins (D:1)
  2 bats
  2 kobolds (D:1)
  2 rats (D:1)
14 creatures vanquished.

Notes
Turn   | Place    | Note
-------+----------+-------------------------------------------
     0 | D:1      | Anon1729 the Demigod Air Elementalist began the quest for
                  | the Orb.
     0 | D:1      | Reached XP level 1. HP: 14/14 MP: 5/5
   570 | D:1      | Reached skill level 3 in Air Magic
   924 | D:1      | Reached XP level 2. HP: 20/20 MP: 5/7
   985 | D:2      | Reached skill level 1 in Conjurations
  1056 | D:2      | Noticed Robin
  1067 | D:2      | Slain by a goblin

Illustrated notes

Levels and vault maps discovered:
D:1:      ebering_trefoil_3fold, layout_basic, minmay_misc_feat_four_crosses
D:2:      layout_basic, marbit_many_paths, chequers_serial_rivers_small_a,
          hangedman_ru_absence, uniq_robin

Skill      XL: |  1  2 |
---------------+-------+-----
Air Magic      | 3 |  3.1
Spellcasting   | 2 |  2.0
Conjurations   | 1 |  1.0
Stealth        | 2 |  2.0
Dodging        | |  1.8

Action                   || total
-------------------------++-------
Melee: Unarmed           ||    13
 Cast: Shock             ||    32
  Use: Potion            ||     1
Armor: Robe              ||     2
Dodge: Dodged            ||    14

Table legend: (Time is in decaauts)
 A = Elapsed time spent in this place.
 B = Non-inter-level travel time spent in this place.
 C = Inter-level travel time spent in this place.
 D = Time resting spent in this place.
 E = Time spent auto-exploring this place.
 F = Levels seen in this place.
 G = Mean time per level.
                   A        B        C        D        E       F      G
               +--------+--------+--------+--------+--------+-----+--------+
         Total |   1066 |   1060 |      6 |      0 |    980 |   2 |  533.0 |
       Dungeon |   1066 |   1060 |      6 |      0 |    980 |   2 |  533.0 |
               +--------+--------+--------+--------+--------+-----+--------+

Top non-repeatable levels by time:
     D:1: 979 daAuts
     D:2: 86 daAuts
